 Dungeon Crawl Stone Soup version 0.29-a0-340-g6efceafd81 (webtiles) character file.

Game seed: 9836179458768364501

5036 Gunch the Cleaver (level 10, -10/91 HPs)
             Began as a Minotaur Berserker on Apr 19, 2022.
             Was an Elder of Trog.
             Killed from afar by an electric eel (13 damage)
             ... with a bolt of electricity
             ... on level 8 of the Dungeon.
             The game lasted 00:12:53 (7587 turns).

Gunch the Cleaver (Minotaur Berserker)              Turns: 7587, Time: 00:12:54

Health: -10/91     AC:  9    Str: 23    XL:     10   Next: 30%
Magic:  18/18      EV: 11    Int:  6    God:    Trog [****..]
Gold:   1125       SH:  6    Dex: 11    Spells: 9/9 levels left

rFire   x . .      SeeInvis +   a - +9 broad axe "Radghy Ebre" {elec, rPois rF- rCorr SInv}
rCold   . . .      Faith    +   d - +0 buckler
rNeg    . . .      Spirit   .   l - +0 ring mail
rPois   +          Reflect  .   (helmet restricted)
rElec   .          Harm     .   e - +1 cloak {rCorr}
rCorr   +          Rampage  .   r - +0 pair of gloves
Will    .....                   s - +0 pair of boots
Stlth   +.........              I - amulet of faith
HPRegen 0.25/turn               m - ring of resist corrosion
MPRegen 0.16/turn               o - ring of magical power

@: no status effects
A: horns 2, retaliatory headbutt
a: Renounce Religion, Berserk, Trog's Hand, Brothers in Arms


You were on level 8 of the Dungeon.
You worshipped Trog.
Trog was greatly pleased with you.
You visited 1 branch of the dungeon, and saw 8 of its levels.
You also visited: Ossuary.

You collected 1533 gold pieces.
You spent 408 gold pieces at shops.

Inventory:

Hand Weapons
 a - the +9 broad axe "Radghy Ebre" (weapon) {elec, rPois rF- rCorr SInv}
   (You acquired it on level 1 of the Dungeon)

   It occasionally discharges a powerful burst of electricity upon striking a
   foe.
   rF:        It makes you vulnerable to fire.
   rPois:     It protects you from poison.
   SInv:      It lets you see invisible.
   rCorr:     It protects you from acid and corrosion.
Armour
 d - a +0 buckler (worn)
 e - a +1 cloak of preservation (worn)
 l - a +0 ring mail (worn)
 r - a +0 pair of gloves (worn)
 s - a +0 pair of boots (worn)
Jewellery
 m - a ring of resist corrosion (left hand)
 o - a ring of magical power (right hand)
 t - a +6 ring of intelligence
 G - the ring "Vafero" {Wiz *Slow rF++ rCorr}
   (You found it on level 8 of the Dungeon)

   [ring of wizardry]

   It improves your spell success rate.
   rF:        It greatly protects you from fire.
   rCorr:     It protects you from acid and corrosion.
   *Slow:     It may slow you when you take damage.
 I - an amulet of faith (around neck)
Wands
 v - a wand of acid (7)
Scrolls
 b - a scroll of identify
 c - a scroll of blinking
 f - 3 scrolls of magic mapping
 j - 7 scrolls of teleportation
 u - 2 scrolls of vulnerability
 y - 2 scrolls of fear
 B - a scroll of torment
 E - a scroll of silence
Potions
 g - 3 potions of attraction
 h - a potion of mutation
 i - 2 potions of cancellation
 k - 3 potions of haste
 n - 2 potions of heal wounds
 p - 2 potions of flight
 q - a potion of berserk rage
 w - a potion of might {unknown}
 x - a potion of invisibility
 z - 2 potions of lignification
 A - 4 potions of curing
 C - a potion of brilliance {unknown}
 D - a potion of magic {unknown}
 F - a potion of resistance


   Skills:
 + Level 9.4 Fighting
 * Level 13.5 Axes
 - Level 2.5 Armour
 - Level 2.2 Dodging
 + Level 9.1 Shields


You had 9 spell levels left.
You didn't know any spells.
Your spell library was empty.

Dungeon Overview and Level Annotations

Branches:
Dungeon (8/15)             Temple (0/1) D:5            Lair (0/6) D:8
Ossuary (visited)

Altars:
Gozag
Sif Muna
Xom
The Shining One

Shops:
D:5 [   D:8 *


Innate Abilities, Weirdness & Mutations

You have a pair of horns on your head.
You reflexively headbutt those who attack you in melee.


Message History

The bolt of electricity hits you.
The electric eel shoots out a bolt of lightning at you!
The bolt of electricity misses you.
The electric eel shoots out a bolt of lightning at you!
The bolt of electricity misses you. The bolt of electricity hits you.
The electric eel shoots out a bolt of lightning at you!
The bolt of electricity hits you!
The electric eel shoots out a bolt of lightning at you!
The bolt of electricity hits you.
The electric eel shoots out a bolt of lightning at you!
The bolt of electricity hits you! x2
The electric eel shoots out a bolt of lightning at you!
The bolt of electricity hits you!
The electric eel shoots out a bolt of lightning at you!
The bolt of electricity hits you!
* * * LOW HITPOINT WARNING * * *
The electric eel shoots out a bolt of lightning at you!
The bolt of electricity hits the electric eel.
The electric eel completely resists.
The bolt of electricity hits you.
* * * LOW HITPOINT WARNING * * *
The electric eel shoots out a bolt of lightning at you!
The bolt of electricity hits you!
* * * LOW HITPOINT WARNING * * *
The electric eel shoots out a bolt of lightning at you!
The bolt of electricity hits you!
* * * LOW HITPOINT WARNING * * *
The electric eel shoots out a bolt of lightning at you!
The bolt of electricity hits you.
* * * LOW HITPOINT WARNING * * *
Okay, then.
You feel much better.
The electric eel shoots out a bolt of lightning at you!
The bolt of electricity hits you.
* * * LOW HITPOINT WARNING * * *
The electric eel shoots out a bolt of lightning at you!
The bolt of electricity hits you!
* * * LOW HITPOINT WARNING * * *
The electric eel shoots out a bolt of lightning at you!
The bolt of electricity hits you!
You die...

#####...#### ##...##.##># #
######.....### ##...##..##...##
#......##### ##...........≈...
..######
########............≈≈.≈ .##
#.........^...≈≈..≈≈≈≈≈≈ ##
##.####.[...(≈≈≈≈≈≈≈S≈≈≈≈ #
##.># ##.##..≈≈≈≈≈≈≈≈≈..≈≈ #
####..####..##.....≈S≈≈...≈..
####....##.....@...S≈≈≈≈≈≈.≈...≈
#....#####..#####............>..
#...### #### #..≈≈≈≈≈≈....
###...### #..≈≈≈≈≈≈..≈≈
###...##### #...≈≈S≈!≈
###.....#####.....≈.≈
#####..#.......≈..≈
##.......≈.≈.S. #####.........


You could see 2 electric eels.

Vanquished Creatures
  A troll (D:8)
  A wraith (D:5)
  4 yaks (D:8)
  2 water moccasins
  An orc warrior (D:6)
  4 sky beasts
  4 ice beasts
  4 black bears
  4 wolves (D:8)
  2 phantoms
  A centaur (D:8)
  2 kobold brigands
  4 bullfrogs
  3 scorpions
  8 wights
  6 killer bees (D:8)
  3 howler monkeys
  2 electric eels
  A jelly (D:5)
  6 hounds
  Crazy Yiuf (D:2)
  An orc priest (D:5)
  2 iguanas
  3 orc wizards (D:5)
  8 mummies (Ossuary)
  4 adders
  A gnoll (D:1)
  2 shadow imps
  A white imp (D:6)
  3 ufetubi
  A worm (D:5)
  4 dart slugs
  16 orcs
  4 ball pythons
  7 endoplasms
  5 giant cockroaches
  4 goblins
  4 hobgoblins
  4 jackals
  15 kobolds
  4 quokkas
  5 bats
  6 frilled lizards
  2 gnoll zombies (Ossuary)
  2 hobgoblin zombies (Ossuary)
  3 kobold zombies (Ossuary)
  An orc zombie (Ossuary)
  7 rats
183 creatures vanquished.

Vanquished Creatures (others)
  A hound (D:8)
1 creature vanquished.

Grand Total: 184 creatures vanquished

Notes
Turn   | Place    | Note
-------+----------+-------------------------------------------
     0 | D:1      | Gunch the Minotaur Berserker began the quest for the Orb.
     0 | D:1      | Reached XP level 1. HP: 19/19 MP: 0/0
    58 | D:1      | Reached skill level 4 in Axes
   102 | D:1      | Reached XP level 2. HP: 27/27 MP: 1/1
   677 | D:1      | Reached skill level 1 in Shields
   954 | D:1      | Reached XP level 3. HP: 33/33 MP: 2/2
  1250 | D:1      | Identified a scroll of acquirement
  1250 | D:1      | Acquired the +9 broad axe "Radghy Ebre" {elec, rPois rF-
                  | rCorr SInv}
  1517 | D:2      | Reached skill level 5 in Axes
  1552 | D:2      | Found a faded altar of an unknown god.
  1717 | D:2      | Found a runed translucent door.
  1718 | D:2      | Noticed Crazy Yiuf
  1889 | D:2      | Killed Crazy Yiuf
  1890 | D:2      | Reached XP level 4. HP: 40/40 MP: 3/3
  1996 | D:3      | Reached ** piety under Trog
  3116 | D:4      | Reached skill level 6 in Axes
  3225 | D:4      | Reached XP level 5. HP: 22/46 MP: 4/4
  3491 | D:5      | Entered Level 5 of the Dungeon
  3709 | D:5      | Reached XP level 6. HP: 52/52 MP: 5/5
  3768 | D:5      | Found Ifin's Antique Armour Shoppe.
  3776 | D:5      | Bought a runed scarf for 248 gold pieces
  3841 | D:5      | Found a staircase to the Ecumenical Temple.
  3853 | D:5      | Reached skill level 7 in Axes
  3911 | D:5      | Reached XP level 7. HP: 60/60 MP: 6/6
  3913 | D:5      | Noticed a wraith
  3916 | D:5      | Killed a wraith
  3917 | D:5      | Reached skill level 5 in Fighting
  3917 | D:5      | Reached skill level 8 in Axes
  4213 | D:5      | Found a glowing golden altar of the Shining One.
  4289 | D:5      | Reached skill level 5 in Shields
  4371 | D:5      | Reached *** piety under Trog
  4678 | D:6      | Reached skill level 9 in Axes
  4714 | D:6      | Reached XP level 8. HP: 63/70 MP: 7/7
  4903 | D:6      | Reached skill level 10 in Axes
  5146 | D:6      | Found a large runed translucent door.
  5146 | D:6      | Found a large runed translucent door.
  5428 | D:6      | Found a shimmering blue altar of Sif Muna.
  5452 | D:6      | Found an opulent altar of Gozag.
  5520 | D:7      | Reached XP level 9. HP: 71/79 MP: 8/8
  5569 | D:7      | Reached skill level 11 in Axes
  5818 | D:7      | Found a sand-covered staircase.
  5827 | Ossuary  | Entered an ossuary
  5851 | Ossuary  | Reached **** piety under Trog
  6302 | D:8      | Reached skill level 12 in Axes
  6317 | D:8      | Identified the ring "Vafero" {Wiz *Slow rF++ rCorr}
  6523 | D:8      | Found a staircase to the Lair.
  6525 | D:8      | Noticed a troll
  6539 | D:8      | Reached XP level 10. HP: 59/90 MP: 9/9
  6545 | D:8      | Reached skill level 13 in Axes
  6935 | D:8      | Found a shimmering altar of Xom.
  6958 | D:8      | Found Qeptinin's Assorted Antiques.
  6968 | D:8      | Bought a thick copper amulet for 160 gold pieces
  6978 | D:8      | Acquired 777 gold pieces
  7585 | D:8      | HP: 4/91 [electric eel/bolt of electricity (10)]
  7585 | D:8      | HP: 1/91 [electric eel/bolt of electricity (3)]
  7587 | D:8      | Killed from afar by an electric eel

Illustrated notes

Levels and vault maps discovered:
D:1:      saegor_arrival_simple_e, layout_basic
D:2:      layout_rooms, ebering_ecumenical_altar_box, uniq_crazy_yiuf_cottage
D:3:      layout_loops_ring, minmay_stone_trees_small, amcnicky_mini_pool_small,
          grunt_ministairs_6
D:4:      layout_cave_pools, chequers_arboretum, minmay_three_crescents
D:5:      layout_basic, tso_metal_star, minmay_temple_entry_drinking_statues,
          serial_shops, nicolae_diamond_shop, kennysheep_small_square
D:6:      layout_basic, jmf_multi_god_temple2
D:7:      layout_basic, lightli_ossuary_entry_decrepit_ruins,
          minmay_misc_feat_hallway, eino_tiny_chamber, minivault_4
D:8:      layout_rooms, xom_teletrap_fun, nicolae_wu_jian_glorious_leap,
          erik_lair_island, serial_shops, shop

Skill      XL: |  1  2  3  4  5  6  7  8  9 10 |
---------------+-------------------------------+-----
Axes           | 4 5 6 7 9 10 12 13 | 13.5
Shields        | 1 2 3 4 5 7 8 9 |  9.1
Fighting       | 4 5 7 8 9 |  9.4
Armour         | |  2.5
Dodging        | |  2.2

Action                   |  1- 3 |  4- 6 |  7- 9 | 10-12 || total
-------------------------+-------+-------+-------+-------++-------
Melee: Hand axe          |    40 |       |       |       ||    40
       Headbutt          |     6 |     6 |    17 |     6 ||    35
       Broad axe         |    24 |    56 |   148 |    40 ||   268
Invok: Berserk           |     2 |     1 |     1 |       ||     4
       Trog's Hand       |       |     1 |     1 |     1 ||     3
  Use: Scroll            |     9 |     9 |       |     7 ||    25
       Potion            |       |     1 |       |     1 ||     2
Armor: Animal skin       |     9 |       |       |       ||     9
       Ring mail         |    12 |    20 |    50 |     8 ||    90
Dodge: Dodged            |    29 |    31 |    59 |    29 ||   148
Block: Buckler           |     6 |     9 |    29 |    12 ||    56

Table legend: (Time is in decaauts)
 A = Elapsed time spent in this place.
 B = Non-inter-level travel time spent in this place.
 C = Inter-level travel time spent in this place.
 D = Time resting spent in this place.
 E = Time spent auto-exploring this place.
 F = Levels seen in this place.
 G = Mean time per level.
                   A        B        C        D        E       F      G
               +--------+--------+--------+--------+--------+-----+--------+
         Total |   7651 |   7386 |    265 |     80 |   6079 |   9 |  850.1 |
       Dungeon |   7349 |   7084 |    265 |     80 |   5843 |   8 |  918.6 |
       Ossuary |    301 |    301 |      0 |      0 |    236 |   1 |  301.0 |
               +--------+--------+--------+--------+--------+-----+--------+

Top non-repeatable levels by time:
     D:8: 1295 daAuts
     D:1: 1274 daAuts
     D:6: 955 daAuts
     D:4: 942 daAuts
     D:5: 875 daAuts
     D:3: 757 daAuts
     D:2: 726 daAuts
     D:7: 522 daAuts
 Ossuary: 301 daAuts
